Map: Ley Lines

Players

menosgrand - Winner!

  • Race: Terran Terran
  • League: Platinum
  • Spawn Location: 1:00

ManlyManMeat

  • Race: Protoss Protoss
  • Spawn Location: 7:00

VOD

Have the link to the VOD?

Description

Time

  • Played on: May 16, 2025, 5:32 a.m.
  • Length: 5:51
Show
View Real Time Build Order
Export as new Build Order

menosgrand Terran - Winner!

Build Orders:  

Get SALT Encoding   

  12  0:00  SCV  
  13  0:13  SCV  
  14  0:20  Supply Depot  
  14  0:25  SCV  
  15  0:42  SCV  
  16  0:46  Supply Depot  
  16  0:55  Barracks  
  16  1:03  SCV  
  17  1:14  Refinery  
  17  1:15  SCV  
  17  1:17  Barracks  
  18  1:27  SCV  
  19  1:39  SCV  
  20  1:41  Refinery  
  20  1:42  Marine  
  21  1:51  SCV  
  22  2:02  Barracks Reactor  
  22  2:03  SCV  
  22  2:06  Supply Depot  
  22  2:07  Barracks  
  24  2:15  SCV  
  23  2:44  Marine x2  
  23  2:47  SCV  
  26  2:54  Factory  
  26  2:59  SCV, Barracks Tech Lab  
  26  3:03  Barracks  
  26  3:05  Marine x2  
  29  3:07  Marine  
  30  3:18  Marauder  
  30  3:19  Concussive Shells  
  32  3:23  Marine x2  
  34  3:28  Supply Depot  
  34  3:30  Barracks Reactor  
  34  3:40  Marauder, Marine  
  34  3:41  Marine  
  38  3:53  Barracks Reactor  
  38  3:58  Marine x2  
  38  4:00  Factory Tech Lab  
  38  4:01  Marauder  
  42  4:08  Supply Depot  
  42  4:16  Marine x2  
  44  4:20  Combat Shield  
  44  4:23  Marauder  
  46  4:31  Marine x2  
  46  4:34  Marine x2  
  47  4:51  Marauder  
  48  4:52  Marine  
  48  4:53  Marine  
  48  4:57  Marine  
  51  5:00  Marine  
  52  5:09  Orbital Command  
  52  5:12  Marauder  
  54  5:20  Marine  
  55  5:33  Marine x2  
Show
View Real Time Build Order
Export as new Build Order

ManlyManMeat Protoss 

Build Orders:  

Get SALT Encoding   

  12  0:11  Probe  
  13  0:15  Pylon  
  13  0:21  Probe  
  14  0:29  Probe  
  15  0:35  Gateway  
  15  0:42  Assimilator  
  15  0:48  Probe  
  16  1:00  Probe  
  17  1:05  Gateway  
  17  1:12  Probe  
  18  1:23  Cybernetics Core  
  18  1:24  Probe  
  19  1:45  Probe  
  20  1:53  Warp Gate  
  20  1:56  Nexus  
  20  2:05  Stalker  
  22  2:11  Probe  
  23  2:22  Assimilator  
  22  2:46  Probe  
  23  2:57  Stalker x2  
  23  3:01  Pylon  
  23  3:08  Probe  
  23  3:09  Probe  
  29  3:20  Probe  
  29  3:22  Stalker  
  29  3:23  Robotics Facility  
  30  3:33  Probe  
  33  3:45  Probe x2  
  35  3:49  Pylon  
  35  3:52  Zealot  
  37  4:01  Stargate  
  37  4:07  Pylon  
  37  4:08  Probe  
  38  4:11  Probe  
  39  4:19  Probe  
  39  4:20  Probe  
  39  4:21  Observer  
  42  4:30  Stalker  
  44  4:33  Stalker  
  42  4:59  Pylon  
  42  5:00  Probe  
  42  5:01  Probe  
  42  5:05  Stalker x2  
  48  5:19  Robotics Bay  
  48  5:26  Shield Battery  
  30  5:47  Zealot x2  
Tags
 
League
Platinum
Matchup
PvT
Spawn Locations
Cross Positions
Add a new tag
Caveats
  • Supply blocks, unpowered buildings, or Contaminate may cause inaccurate times.
  • Supply counts are checked every 10 seconds.